 Dungeon Crawl Stone Soup version 0.31-a0-200-gbc41564c69 (webtiles) character file.

Game seed: 9892909539575473700

42 qw the Shooter (level 3, -1/20 HPs)
             Began as a Deep Elf Hunter on June 25, 2023.
             Slain by a quasit (2 damage)
             ... summoned by Eustachio
             ... on level 4 of the Dungeon.
             The game lasted 00:00:30 (1463 turns).

qw the Shooter (Deep Elf Hunter)                    Turns: 1463, Time: 00:00:31

Health: -1/20      AC:  5    Str: 10      XL:     3   Next: 33%
Magic:  5/5        EV: 11    Int: 13      God:
Gold:   33         SH:  0    Dex: 16 (18) Spells: 2/2 levels left

rFire   + + .        Y - +0 shortbow
rCold   . . .        (shield currently unavailable)
rNeg    . . .        e - +0 ring mail
rPois   .            (no helmet)
rElec   .            (no cloak)
rCorr   .            (no gloves)
SInv    .            (no boots)
Will    .....        (no amulet)
Stlth   +            g - ring of protection from fire
HPRegen 0.23/turn    b - ring of protection from fire
MPRegen 0.09/turn

%: no passive effects
@: no status effects
A: no striking features
a: no special abilities


You were on level 4 of the Dungeon.
You visited 1 branch of the dungeon, and saw 3 of its levels.

You collected 33 gold pieces.


   Skills:
 - Level 1.5 Fighting
 + Level 6.9 Ranged Weapons
 - Level 2.4 Dodging
 - Level 1.2 Stealth


You had 2 spell levels left.
You didn't know any spells.
Your spell library was empty.

Inventory:

Hand Weapons
 Y - a +0 shortbow (weapon)
Armour
 e - a +0 ring mail (worn)
Jewellery
 b - a ring of protection from fire (right hand)
 g - a ring of protection from fire (left hand)
Scrolls
 i - a scroll of identify
Potions
 d - a potion of magic {unknown}
 f - a potion of attraction {unknown}

Dungeon Overview and Level Annotations

Branches:
Dungeon (4/15)             Temple (0/1) D:4

Altars:

Annotations:
D:4 Eustachio


Message History

The ufetubus barely misses you. The ufetubus hits you. The quasit bites you.
You feel clumsy. The quasit claws you.
The quasit claws you but does no damage.
Eustachio casts a spell.
The crimson imp barely misses you. The ufetubus closely misses you.
The ufetubus misses you.
You shoot an arrow. The arrow hits the crimson imp!
The crimson imp is heavily wounded.
The quasit closely misses you. x3
The ufetubus hits you but does no damage.
The ufetubus hits you. The crimson imp closely misses you.
The quasit barely misses you. The quasit misses you. x2
You shoot an arrow. The arrow misses the crimson imp.
The ufetubus barely misses you. The ufetubus misses you.
The crimson imp hits you. The quasit barely misses you.
The quasit claws you. x2
You feel clumsy.
Eustachio casts a spell.
You shoot an arrow.
The arrow closely misses the crimson imp.
The quasit bites you. The quasit closely misses you.
The quasit claws you but does no damage.
The crimson imp closely misses you.
The quasit bites you but does no damage.
The quasit claws you but does no damage. x2
The quokka misses you. The crimson imp barely misses you.
The white imp closely misses you.
You shoot an arrow.
The arrow closely misses the crimson imp.
The ufetubus hits you but does no damage.
The ufetubus barely misses you. The quasit barely misses you.
The quasit claws you but does no damage.
The quasit misses you. The quokka bites you. The crimson imp hits you.
The white imp gestures at you. The puff of frost hits you.
You shoot an arrow. The arrow hits the crimson imp.
The crimson imp is heavily wounded.
The ufetubus closely misses you. The ufetubus barely misses you.
The quasit bites you.
You die...

*,,,,,,,>,,*#.#.**#.###.###?#....
,,,,,*,**,*##.#.##*,###.##..).<#.
*,***,*****#......,,###.##..#.##.
,****,****##.#...##*###.##%......
** *,,,,,,........# ###.......###
*,,,,,,........# ######.######
*,,,*,**,*#....########.######
****,,,*,,*+,,,#r......#.......##
*,,,,,,**,,,,,*#@5...........#.#*
*,**,,,*,,,,,,#555.......##..#,**
*,**,,,,,,,_.rrr@...............,
*,**,,,**,,...........%......#.#*
*,***,,,*.....#....##..........#*
*,***,,*,##...##............##.#*
*,,,,,,*,#..#**...######..###*.#
,,,,,,,,,...,,,...# *,....,,*<*
****,,,,,,,,,,,,,,* *,*,,,,,,,*


You could see Eustachio, a quasit (summoned), a crimson imp, 2 river rats, a
white imp (summoned), an ufetubus (summoned), a quokka (summoned) and a rat
(summoned).

Vanquished Creatures
  An orc (D:4)
  4 endoplasms
  2 giant cockroaches
  6 goblins
  5 hobgoblins
  3 ball pythons
  3 bats (D:1)
  4 frilled lizards
  2 goblin zombies (D:4)
  3 kobolds
  A kobold skeleton (D:4)
  A kobold zombie (D:4)
  An orc skeleton (D:4)
  3 rats (D:1)
39 creatures vanquished.

Notes
Turn   | Place    | Note
-------+----------+-------------------------------------------
     0 | D:1      | qw the Deep Elf Hunter began the quest for the Orb.
     0 | D:1      | Reached XP level 1. HP: 12/12 MP: 3/3
     0 | D:1      | 0 ||| qw: Version: 0.3-a-22-g0ed2b0b
     0 | D:1      | 0 ||| qw: Game counter: 5670
     0 | D:1      | 0 ||| qw: Melee chars always use a shield: true
     0 | D:1      | 0 ||| qw: God list: Okawaru
     0 | D:1      | 0 ||| qw: Allow faded altars: false
     0 | D:1      | 0 ||| qw: Do Orc after clearing Dungeon:15 true
     0 | D:1      | 0 ||| qw: Do second Lair branch before Depths: true
     0 | D:1      | 0 ||| qw: Lair rune preference: random
     0 | D:1      | 0 ||| qw: Goals: Normal
     0 | D:1      | 0 ||| PLANNING D:1-11
   168 | D:1      | Reached XP level 2. HP: 11/16 MP: 4/4
   321 | D:1      | Reached skill level 6 in Ranged Weapons
   914 | D:1      | 914 ||| UPGRADING to ring of protection from fire.
   915 | D:1      | 915 ||| READING scroll labelled RUPHOOMODU.
   943 | D:1      | 943 ||| READING scroll labelled COMIR XEIXO.
   944 | D:1      | 944 ||| DROPPING scroll of butterflies.
  1157 | D:2      | Reached XP level 3. HP: 19/20 MP: 5/5
  1392 | D:2      | You fall into a shaft and drop 2 floors!
  1398 | D:4      | 1398 ||| UPGRADING to +0 ring mail.
  1408 | D:4      | 1408 ||| DROPPING +0 leather armour.
  1409 | D:4      | 1409 ||| UPGRADING to ring of protection from fire.
  1410 | D:4      | 1410 ||| READING 2 scrolls labelled PENISAMUORCH.
  1411 | D:4      | 1411 ||| READING scroll labelled AKUNOY MAOTE.
  1412 | D:4      | 1412 ||| PLANNING TEMPLE
  1412 | D:4      | 1412 ||| READING 2 scrolls labelled ZOOFULIFODD.
  1415 | D:4      | 1415 ||| DROPPING scroll of immolation.
  1452 | D:4      | Noticed Eustachio
  1462 | D:4      | HP: 4/20 [crimson imp (2)]
  1462 | D:4      | HP: 1/20 [white imp/puff of frost[Eustachio] (3)]
  1463 | D:4      | Slain by a quasit

Levels and vault maps discovered:
D:1:      dpeg_arrival_boxorama, layout_basic
D:2:      layout_basic, st_stairs_13
D:4:      layout_loops_cross, nicolae_overflow_hidden_temple,
          nicolae_tso_besieged_by_evil, nicolae_vehumet_radiance,
          lemuel_coloured_pillars_altar, temple_hall, minmay_fractal_squares_5,
          uniq_eustachio, uniq_pikel

Skill      XL: |  1  2 |
---------------+-------+-----
Ranged Weapons | 6 |  6.9
Fighting       | |  1.5
Dodging        | |  2.4
Stealth        | |  1.2

Action                     || total
---------------------------++-------
   Fire: Shortbow          ||   104
    Use: Scroll            ||     5
 Armour: Leather armour    ||     1
         Ring mail         ||    10
  Dodge: Dodged            ||    42

Table legend:
 A = Non-vault XP
 B = Vault XP
 C = Vault XP percentage of total XP
 D = Non-vault monster count
 E = Vault monster count
 F = Vault count percentage of total count
                 A         B        C        D         E       F
            +---------+---------+-------+---------+---------+-------
      Total |      53 |       7 |  11.7 |      33 |       6 |  15.4
            +---------+---------+-------+---------+---------+-------
        D:1 |      36 |       0 |   0.0 |      24 |       0 |   0.0
        D:2 |       6 |       2 |  25.0 |       4 |       1 |  20.0
        D:4 |      11 |       5 |  31.2 |       5 |       5 |  50.0
            +---------+---------+-------+---------+---------+-------
